 Dungeon Crawl Stone Soup version 0.31-a0-232-gb1c03b2570 (webtiles) character file.

Game seed: 3693546340195653620

18 qw the Shooter (level 2, -5/16 HPs)
             Began as a Gargoyle Hexslinger on July 7, 2023.
             Slain by Terence
             ... wielding a +0 mace
              (7 damage)
             ... on level 2 of the Dungeon.
             The game lasted 00:00:18 (918 turns).

qw the Shooter (Gargoyle Hexslinger)                 Turns: 918, Time: 00:00:19

Health: -5/16      AC:  4    Str: 11    XL:     2   Next: 70%
Magic:  3/3        EV: 12    Int: 13    God:
Gold:   27         SH:  0    Dex: 12    Spells: 2/3 levels left

rFire   . . .        Y - +1 sling
rCold   . . .        (no shield)
rNeg    + . .        c - +0 robe
rPois   inf          (no helmet)
rElec   +            (no cloak)
rCorr   .            (no gloves)
SInv    .            (no boots)
Will    .....        (no amulet)
Stlth   +            (no ring)
HPRegen 0.22/turn    (no ring)
MPRegen 0.08/turn

%: no passive effects
@: no status effects
A: sickness immunity, AC +2, negative energy resistance 1, electricity
resistance, torment resistance 1, petrification resistance
a: no special abilities


You were on level 2 of the Dungeon.
You visited 1 branch of the dungeon, and saw 2 of its levels.

You collected 57 gold pieces.
You spent 30 gold pieces at shops.


Innate Abilities, Weirdness & Mutations

You are immune to sickness and miasma.
Your stone body is resilient. (AC +2)
You are immune to poison.
You resist negative energy. (rN+)
You are resistant to electric shocks. (rElec)
You are resistant to unholy torment.
You are immune to petrification.


   Skills:
 + Level 1.5 Fighting
 - Level 3.0 Ranged Weapons
 - Level 1.5 Dodging
 - Level 1.0 Spellcasting
 - Level 2.6 Hexes


You had 2 spell levels left.
You knew the following spells:

 Your Spells              Type           Power      Damage    Failure   Level
a - Slow                  Hex            28%        N/A       10%         1

Your spell library contained the following spells:

 Spells                   Type           Power      Damage    Failure   Level
 Inner Flame              Hex/Fire       4%         N/A       43%         3
 Portal Projectile        Hex/Tloc       8%         N/A       43%         3
 Cause Fear               Hex            3%         N/A       67%         4

Inventory:

Hand Weapons
 Y - a +1 sling (weapon)
Armour
 c - a +0 robe (worn)
Scrolls
 i - a scroll of identify
Potions
 d - a potion of berserk rage {unknown}
 e - a potion of attraction {unknown}
 f - 3 potions of curing
 g - 2 potions of might

Dungeon Overview and Level Annotations

Branches:
Dungeon (2/15)

Altars:

Shops:
D:1 [!

Annotations:
D:2 Terence


Message History

The endoplasm quivers.
An endoplasm is nearby!
You shoot a sling bullet.
The sling bullet hits the endoplasm but does no damage.
You shoot a sling bullet. The sling bullet hits the endoplasm.
The endoplasm is severely wounded.
You shoot a sling bullet. The sling bullet hits the endoplasm!
You kill the endoplasm!
You feel a little less mighty now.
Found a hand axe.
Terence the Incautious comes into view.
He is wielding a +0 mace.
You shoot a sling bullet.
The sling bullet hits Terence but does no damage.
Terence shouts!
Terence is nearby!
Enter note: You shoot a sling bullet.
The sling bullet hits Terence but does no damage.
You shoot a sling bullet.
The sling bullet hits Terence but does no damage.
You shoot a sling bullet.
The sling bullet hits Terence but does no damage.
You shoot a sling bullet. The sling bullet hits Terence.
Terence is moderately wounded.
Terence screams, "I want your blood!" Terence closely misses you.
You shoot a sling bullet. The sling bullet barely misses Terence.
Terence shouts, "DIE!!!"
Terence hits you with a +0 mace.
You shoot a sling bullet. The sling bullet hits Terence.
Terence is moderately wounded.
Terence hits you with a +0 mace.
You shoot a sling bullet.
The sling bullet hits Terence but does no damage.
Terence is moderately wounded.
Terence hits you with a +0 mace. x2
You shoot a sling bullet. The sling bullet hits Terence.
Terence is moderately wounded.
Terence hits you with a +0 mace!
You die...

#.######....#..... ....
#....[...........#.....
###..............#....
........####.........
..###..## #....# ..#
#...#####....# ###
#.#.....#.##.# .
...#####...##@###....
#.#### ###...@....# #
##.#.....# .....##..#
...#.### #.... $.#....
...# . ..... ... ....
.# ...


You could see Terence.

Vanquished Creatures
  A bat (D:1)
  3 endoplasms
  A goblin (D:1)
  3 ball pythons (D:1)
  4 frilled lizards (D:1)
  3 kobolds
  4 rats
19 creatures vanquished.

Notes
Turn   | Place    | Note
-------+----------+-------------------------------------------
     0 | D:1      | qw the Gargoyle Hexslinger began the quest for the Orb.
     0 | D:1      | Reached XP level 1. HP: 12/12 MP: 2/2
     0 | D:1      | 0 ||| qw: Version: 0.3-a-46-gb1f654a
     0 | D:1      | 0 ||| qw: Game counter: 2302
     0 | D:1      | 0 ||| qw: Melee chars always use a shield: true
     0 | D:1      | 0 ||| qw: God list: Okawaru
     0 | D:1      | 0 ||| qw: Allow faded altars: false
     0 | D:1      | 0 ||| qw: Do Orc after clearing Dungeon:15 true
     0 | D:1      | 0 ||| qw: Do second Lair branch before Depths: true
     0 | D:1      | 0 ||| qw: Lair rune preference: random
     0 | D:1      | 0 ||| qw: Goals: Normal
     0 | D:1      | 0 ||| PLANNING D:1-11
   202 | D:1      | Found Paenna Veasa's Distillery.
   226 | D:1      | 226 ||| SHOPLISTING 2 potions of curing (60 gold, have 32).
   226 | D:1      | 226 ||| SHOPLISTING 2 potions of might (80 gold, have 32).
   226 | D:1      | 226 ||| BUYING potion of curing (30 gold).
   226 | D:1      | Bought a potion of curing for 30 gold pieces
   226 | D:1      | 226 ||| SHOPLISTING potion of curing (30 gold, have 2).
   226 | D:1      | 226 ||| SHOPLISTING potion of haste (100 gold, have 2).
   226 | D:1      | 226 ||| SHOPLISTING potion of heal wounds (50 gold, have
                  | 2).
   355 | D:1      | Reached XP level 2. HP: 16/16 MP: 3/3
   569 | D:1      | Found Byroofre's Armour Boutique.
   574 | D:1      | 574 ||| SHOPLISTING +0 leather armour (26 gold, have 22).
   574 | D:1      | 574 ||| SHOPLISTING scarf of resistance (416 gold, have
                  | 22).
   669 | D:1      | Reached skill level 3 in Ranged Weapons
   830 | D:1      | 830 ||| READING scroll labelled CESYUR PIHEI.
   831 | D:1      | 831 ||| READING 2 scrolls labelled OGEUCU KAIGAU.
   832 | D:1      | 832 ||| READING 2 scrolls labelled VANKUM UBRE.
   833 | D:1      | 833 ||| READING scroll labelled NOXTEA HACU.
   834 | D:1      | 834 ||| READING scroll labelled BEPUAL KAXTEJ.
   835 | D:1      | 835 ||| DRINKING 3 lumpy blue potions.
   836 | D:1      | 836 ||| DROPPING scroll of poison.
   837 | D:1      | 837 ||| DROPPING scroll of revelation.
   905 | D:2      | Noticed Terence
   917 | D:2      | HP: 2/16 [Terence/+0 mace (6)]
   918 | D:2      | Slain by Terence

Levels and vault maps discovered:
D:1:      minmay_arrival_four_circles, layout_loops_corners, serial_shops, shop,
          nicolae_shop_peninsula, minmay_misc_feat_rows
D:2:      layout_rooms, basic_altar, serial_shops, nicolae_shop_waterfront,
          uniq_terence

Skill      XL: |  1  2 |
---------------+-------+-----
Ranged Weapons | 3 |  3.0
Fighting       | |  1.5
Dodging        | |  1.5
Spellcasting   | |  1.0
Hexes          | |  2.6

Action                     || total
---------------------------++-------
   Fire: Sling             ||    60
    Use: Scroll            ||     5
         Potion            ||     1
 Armour: Robe              ||     5
  Dodge: Dodged            ||     9

Table legend:
 A = Non-vault XP
 B = Vault XP
 C = Vault XP percentage of total XP
 D = Non-vault monster count
 E = Vault monster count
 F = Vault count percentage of total count
                 A         B        C        D         E       F
            +---------+---------+-------+---------+---------+-------
      Total |      27 |       0 |   0.0 |      19 |       0 |   0.0
            +---------+---------+-------+---------+---------+-------
        D:1 |      22 |       0 |   0.0 |      16 |       0 |   0.0
        D:2 |       5 |       0 |   0.0 |       3 |       0 |   0.0
            +---------+---------+-------+---------+---------+-------
